 Dungeon Crawl Stone Soup version 0.28.0 (webtiles) character file.

Game seed: 7659005389949241834

4701 crazypyro the Cleaver (level 10, -15/88 HPs)
             Began as a Minotaur Fighter on Feb 8, 2022.
             Was a Follower of Ashenzari.
             Demolished by an orc knight (51 damage)
             ... in a bailey.
             The game lasted 00:09:54 (7894 turns).

crazypyro the Cleaver (Minotaur Fighter)            Turns: 7894, Time: 00:09:55

Health: -15/88     AC:  9    Str: 30    XL:     10   Next: 21%
Magic:  9/9        EV: 13    Int:  5    God:    Ashenzari [*.....]
Gold:   532        SH:  0    Dex: 11    Spells: 9/9 levels left

rFire   . . .      SeeInvis .   t - +6 battleaxe (venom)
rCold   + + .      Faith    .   (shield currently unavailable)
rNeg    + . .      Spirit   .   b - +1 scale mail "Circumscribed Oracle" {Melee, Comp} (curse)
rPois   .          Reflect  .   (helmet restricted)
rElec   .          Harm     .   (no cloak)
rCorr   +          Rampage  .   (no gloves)
Will    .....                   (no boots)
Stlth   ..........              u - amulet of the acrobat
HPRegen 0.24/turn               l - ring of the Unyielding Gaze {rCorr, Elem, Fort} (curse)
MPRegen 0.11/turn               j - ring "Sophuo" {rC+ rN+ Str+6}

@: studying Invocations
A: horns 2, retaliatory headbutt, cold resistance 1, wild magic 1
a: Renounce Religion, Curse Item, Shatter the Chains


You were in a bailey.
You worshipped Ashenzari.
Ashenzari was aware of your devotion.
You visited 1 branch of the dungeon, and saw 8 of its levels.
You also visited: Bailey.

You collected 532 gold pieces.

Inventory:

Hand Weapons
 a - a +0 war axe of flaming
 t - a +6 battleaxe of venom (weapon)
Missiles
 p - a throwing net (quivered)
Armour
 b - the cursed +1 scale mail "Circumscribed Oracle" (worn) {Melee, Comp}

   It has a curse which improves the following skills: Melee Combat: Short
   Blades, Long Blades, Axes, Maces & Flails, Polearms, Staves and Unarmed
   Combat.
   Companions: Summonings and Necromancy.
 c - a +0 buckler
Jewellery
 j - the ring "Sophuo" (right hand) {rC+ rN+ Str+6}
   (You found it in a bailey)

   [ring of strength]

   Str:       It affects your strength (+6).
   rC:        It protects you from cold.
   rN:        It protects you from negative energy.
 l - the cursed ring of the Unyielding Gaze (left hand) {rCorr, Elem, Fort}
   (You found it on level 2 of the Dungeon)

   [ring of resist corrosion]

   rCorr:     It protects you from acid and corrosion.
   It has a curse which improves the following skills: Elements: Fire Magic, Ice
   Magic, Air Magic and Earth Magic.
   Fortitude: Armour and Shields.
 u - an amulet of the acrobat (around neck)
 D - a ring of protection from fire
Wands
 m - a wand of polymorph (9)
 z - a wand of paralysis (14)
 F - a wand of flame (27)
Scrolls
 e - 2 scrolls of enchant armour
 h - 8 scrolls of teleportation
 r - 2 scrolls of silence
 v - a scroll of summoning
 w - 2 scrolls of fog
 x - a scroll of magic mapping
 E - a scroll of brand weapon
 G - a scroll of holy word
Potions
 d - 3 potions of might
 f - a potion of cancellation
 g - a potion of heal wounds
 i - a potion of mutation
 o - 3 potions of haste
 q - a potion of resistance
 s - a potion of ambrosia
 A - a potion of brilliance
 B - a potion of invisibility
 C - a potion of curing


   Skills:
 + Level 8.0 Fighting
 * Level 12.3(13.1) Axes
 + Level 8.0(8.9) Armour
 - Level 6.9 Dodging
 + Level 5.1(6.0) Shields


You had 9 spell levels left.
You didn't know any spells.
Your spell library contained the following spells:

 Spells                   Type           Power      Damage    Failure   Level
 Beastly Appendage        Tmut           0%         N/A       77%         1
 Foxfire                  Conj/Fire      0%         2x1d4     77%         1
 Slow                     Hex            0%         N/A       77%         1
 Blink                    Tloc           0%         N/A       88%         2
 Wereblood                Tmut           0%         N/A       88%         2
 Confusing Touch          Hex            0%         N/A       98%         3
 Conjure Flame            Conj/Fire      0%         6-21      98%         3
 Gell's Gravitas          Tloc           0%         N/A       98%         3
 Inner Flame              Hex/Fire       0%         N/A       98%         3
 Lesser Beckoning         Tloc           0%         N/A       98%         3
 Spider Form              Tmut/Pois      0%         N/A       98%         3
 Teleport Other           Tloc           0%         N/A       98%         3
 Vampiric Draining        Necr           0%         2d6       98%         3
 Flame Wave               Conj/Fire      0%         2d4       100%        4
 Manifold Assault         Tloc           0%         N/A       100%        5


Dungeon Overview and Level Annotations

Branches:
Dungeon (8/15)             Temple (0/1) D:5          Bailey (1/1)
   Lair: D:8-11

Altars:
Ashenzari
Gozag

Shops:
D:3 (

Annotations:
D:4 2 transporters, 1 runed translucent door, Crazy Yiuf; RivalSpooky's ghost, amateur HuNe
D:6 2 transporters, AlmostDecent's ghost, novice GrFi


Innate Abilities, Weirdness & Mutations

You have a pair of horns on your head.
You reflexively headbutt those who attack you in melee.
Your flesh is cold resistant. (rC+)
Your spells are a little harder to cast, but a little more powerful.


Message History

The orc warrior is severely wounded.
The orc warrior hits you but does no damage.
You slash the orc warrior!
You kill the orc warrior!
Your Fighting skill increases to level 8!
No target in view!
Things that are here:
a +0 trident; a +0 ring mail; an orc corpse
There is an open door here.
You open the gate.
Found two gates leading back out of this place.
No target in view!
There is an open gate here.
j - the ring "Sophuo" {rC+ rN+ Str+6} You remove your ring of protection from fire.
You feel stronger.
j - the ring "Sophuo" (right hand) {rC+ rN+ Str+6}
Okay, then.
You open the door. 2 orc knights and 2 orc warriors come into view.
The orc knight shouts!
The orc warrior shouts!
The orc knight shouts!
The orc warrior shouts!
Found a +1 vorpal battleaxe and 2 scrolls of enchant armour.
The orc warrior misses you.
There is an open door here.
You closely miss the orc knight. The orc warrior closely misses you.
The orc knight hits you with a +0 glaive!
The orc knight hits you from afar with a +0 glaive!
The orc warrior hits you from afar with a +0 spear!
The orc knight roars a battlecry!
The orcs go into a battle-frenzy!
The orc knight hits you from afar with a +0 glaive!
The orc knight misses you. The orc warrior completely misses you.
There is a gate leading back out of this place here.
The orc knight roars a battlecry!
The orc knight goes into a battle-frenzy!
The orc warrior hits you from afar with a +0 spear.
The orc knight hits you with a +0 glaive!!!
Ouch! That really hurt!
You die...

............##.......##..........
...........##..#'#'#..##.........
...........#..##.#.##..#.........
..........##.#########.##........
..........##.')#?.)#)'.##........
..........##.###o8.###.##........
..........##.')#.oo#)'.##........
..........##.####o####.##......).
...........#..##@.∩##..##......).
...........##..#'''##...........)
............##.....##............
....≈≈.≈≈≈...##....##....≈≈≈.≈≈..
...≈≈#)##≈....#######....≈##.#≈≈.
...≈##)∩#≈...............≈#∩.##≈.
...≈#.).......................#≈.
...≈##.##≈...............≈##.##≈.
... ###≈≈...............≈≈# #≈≈.


You could see 2 orc knights and an orc warrior (strong).

Vanquished Creatures
  A two-headed ogre (D:5)
  Grinder (D:6)
  A shadow (D:5)
  Sigmund (D:2)
  A steam dragon (D:7)
  Edmund (D:6)
  Menkaure (D:6)
  2 water moccasins
  8 orc warriors (Bailey)
  A hornet zombie (D:8)
  A sky beast (D:6)
  An ice beast (D:7)
  A necrophage (D:3)
  5 ogres
  2 centaurs
  3 bullfrogs
  A gnoll sergeant (D:6)
  2 wyvern skeletons
  The ghost of Sanktem7 the Slasher, a weakling MiBe of Trog (D:3)
  6 killer bees (D:8)
  2 hounds
  2 centaur zombies
  2 jellies
  A bullfrog skeleton (D:7)
  2 orc priests (D:5)
  A centaur skeleton (D:7)
  4 orc wizards
  An iguana (D:7)
  2 hound skeletons
  6 gnolls
  A howler monkey skeleton (D:6)
  7 adders
  A shadow imp (D:7)
  A white imp (D:6)
  2 dart slugs
  31 orcs
  8 ball pythons
  7 endoplasms
  A giant cockroach (D:4)
  10 goblins
  3 hobgoblins
  4 jackals
  2 quokkas
  8 bats
  A frilled lizard (D:2)
  A kobold (D:1)
  A quokka skeleton (D:4)
  4 rats
157 creatures vanquished.

Vanquished Creatures (others)
  An orc wizard (D:7)
  An orc (Bailey)
  A plant (D:3)
3 creatures vanquished.

Grand Total: 160 creatures vanquished

Notes
Turn   | Place    | Note
-------+----------+-------------------------------------------
     0 | D:1      | crazypyro the Minotaur Fighter began the quest for the Orb.
     0 | D:1      | Reached XP level 1. HP: 19/19 MP: 0/0
   107 | D:1      | Reached skill level 3 in Axes
   173 | D:1      | Reached XP level 2. HP: 26/26 MP: 1/1
   288 | D:1      | Reached skill level 1 in Dodging
   300 | D:1      | Found a faded altar of an unknown god.
   861 | D:2      | Reached XP level 3. HP: 31/31 MP: 2/2
  1048 | D:2      | Reached skill level 4 in Axes
  1236 | D:2      | Noticed Sigmund
  1256 | D:2      | Killed Sigmund
  1257 | D:2      | Reached skill level 5 in Axes
  1257 | D:2      | Reached XP level 4. HP: 8/39 MP: 3/3
  1257 | D:2      | Reached XP level 5. HP: 9/45 MP: 4/4
  1514 | D:2      | Found a broken altar of Ashenzari.
  1531 | D:2      | Became a worshipper of Ashenzari the Shackled
  1566 | D:2      | Reached skill level 6 in Axes
  2015 | D:3      | Found Tenoq's Antique Weapon Emporium.
  2264 | D:3      | Noticed a necrophage
  2270 | D:3      | Reached XP level 6. HP: 40/51 MP: 5/5
  2679 | D:3      | Reached skill level 7 in Axes
  2688 | D:3      | Found a runed translucent door.
  2688 | D:3      | Noticed Sanktem7's ghost (weakling MiBe)
  2791 | D:3      | Found an opulent altar of Gozag.
  3213 | D:3      | Killed Sanktem7's ghost
  3356 | D:4      | Noticed RivalSpooky's ghost (amateur HuNe)
  3357 | D:4      | Found a transporter.
  3358 | D:4      | Noticed a two-headed ogre
  3362 | D:4      | Found a transporter.
  3396 | D:4      | Reached XP level 7. HP: 47/58 MP: 6/6
  3706 | D:4      | Reached skill level 8 in Axes
  3831 | D:4      | Reached * piety under Ashenzari
  3957 | D:4      | Found a runed translucent door.
  3958 | D:4      | Noticed Crazy Yiuf
  4050 | D:5      | Entered Level 5 of the Dungeon
  4270 | D:5      | Found a staircase to the Ecumenical Temple.
  4378 | D:5      | Reached skill level 5 in Dodging
  4547 | D:5      | Noticed a two-headed ogre
  4547 | D:5      | Noticed a shadow
  4554 | D:5      | Killed a shadow
  4555 | D:5      | Reached skill level 5 in Armour
  4555 | D:5      | Reached XP level 8. HP: 49/67 MP: 7/7
  4557 | D:5      | Reached skill level 5 in Fighting
  4557 | D:5      | Reached skill level 9 in Axes
  4559 | D:5      | Killed a two-headed ogre
  4560 | D:5      | Reached skill level 10 in Axes
  4957 | D:6      | Reached XP level 9. HP: 67/75 MP: 8/8
  5160 | D:6      | Noticed Edmund
  5168 | D:6      | Killed Edmund
  5254 | D:6      | Noticed a komodo dragon
  5257 | D:6      | Noticed AlmostDecent's ghost (novice GrFi)
  5270 | D:6      | Found a transporter.
  5279 | D:6      | Found a transporter.
  5295 | D:6      | Noticed Grinder
  5307 | D:6      | Killed Grinder
  5308 | D:6      | Reached skill level 11 in Axes
  5533 | D:6      | Noticed Menkaure
  5539 | D:6      | Killed Menkaure
  6174 | D:7      | Gained mutation: Your magical capacity is low. (-10% MP)
                  | [potion of mutation]
  6175 | D:7      | Lost mutation: Your magical capacity is low. (-10% MP)
                  | [potion of mutation]
  6175 | D:7      | Gained mutation: You have large cloven feet. [potion of
                  | mutation]
  6176 | D:7      | Lost mutation: You have large cloven feet. [potion of
                  | mutation]
  6176 | D:7      | Gained mutation: Your flesh is cold resistant. (rC+)
                  | [potion of mutation]
  6176 | D:7      | Gained mutation: Your spells are a little harder to cast,
                  | but a little more powerful. [potion of mutation]
  6768 | D:8      | Reached XP level 10. HP: 55/86 MP: 9/9
  6771 | D:8      | Reached skill level 12 in Axes
  7037 | D:8      | Found a flagged portal.
  7048 | Bailey   | Entered a bailey
  7487 | Bailey   | Reached skill level 5 in Shields
  7883 | Bailey   | Identified the ring "Sophuo" {rC+ rN+ Str+6}
  7889 | Bailey   | Noticed an orc knight
  7889 | Bailey   | Noticed an orc knight
  7894 | Bailey   | Demolished by an orc knight

Illustrated notes

Levels and vault maps discovered:
D:1:      psy_arrival_terrarium, layout_basic, hellmonk_ecumenical_altar_blasted
D:2:      layout_basic, basic_altar, minmay_tetromino_i2, uniq_sigmund
D:3:      layout_basic, mainiacjoe_overflow_24_doors, serial_shops,
          nicolae_diamond_shop, ebering_ghost_inner_flame, saegor_snake_ambush
D:4:      minmay_general_purpose_star, layout_basic, gammafunk_ghost_arena,
          uniq_crazy_yiuf_cottage
D:5:      layout_loops_ring, minmay_temple_entry_poolview,
          minmay_manual_mandibuliform
D:6:      layout_rooms, gammafunk_ghost_arena, solitary_fountain, uniq_menkaure,
          uniq_grinder, uniq_edmund
D:7:      layout_gridville, grunt_decor_clamped
D:8:      layout_basic, enter_bailey_2
Bailey:   bailey_polearm_2, bailey

Skill      XL: |  1  2  3  4  5  6  7  8  9 10 |
---------------+-------------------------------+-----
Axes           | 3 5 6 7 8 10 11 12 | 12.3
Dodging        | 1 3 4 5 6 |  6.9
Fighting       | 4 6 7 8 |  8.0
Armour         | 5 6 7 8 |  8.0
Shields        | 4 5 |  5.1

Action                   |  1- 3 |  4- 6 |  7- 9 | 10-12 || total
-------------------------+-------+-------+-------+-------++-------
Melee: War axe           |    48 |    94 |       |       ||   142
       Headbutt          |     7 |    10 |    18 |     3 ||    38
       Unarmed           |    17 |       |       |       ||    17
       Battleaxe         |       |    12 |   127 |    36 ||   175
Invok: Curse Item        |       |     1 |     1 |       ||     2
  Use: Scroll            |       |     6 |     2 |       ||     8
       Potion            |       |       |     3 |     1 ||     4
Armor: Scale mail        |    24 |    39 |    54 |     9 ||   126
Dodge: Dodged            |    24 |    54 |   108 |    84 ||   270
Block: Buckler           |    10 |    19 |       |       ||    29
